 Dungeon Crawl Stone Soup version 0.29-a0-986-gdf0a18e73c (webtiles) character file.

Game seed: 16858210466516213955

2849 Essalna the Ruffian (level 9, 0/94 HPs)
             Began as a Grey Draconian Transmuter on Aug 2, 2022.
             Was a Believer of Ru.
             Slain by a wolf (11 damage)
             ... led by Grum
             ... on level 8 of the Dungeon.
             The game lasted 00:18:04 (8855 turns).

Essalna the Ruffian (Grey Draconian Transmuter)     Turns: 8855, Time: 00:18:05

Health: 0/94       AC:  0    Str: 20    XL:     9   Next: 46%
Magic:  4/12       EV: 11    Int: 16    God:    Ru [**....]
Gold:   374        SH:  0    Dex: 12    Spells: 7/12 levels left

rFire   x . .      SeeInvis .     - Unarmed
rCold   + + +      Faith    .   (shield currently unavailable)
rNeg    . . .      Spirit   .   (body armour unavailable)
rPois   +          Reflect  .   (helmet currently unavailable)
rElec   .          Harm     .   (cloak currently unavailable)
rCorr   .          Rampage  .   (gloves currently unavailable)
Will    +....                   (boots currently unavailable)
Stlth   +.........              (no amulet)
HPRegen 0.25/turn               d - ring of willpower
MPRegen 0.13/turn               t - +6 ring of strength

@: about to teleport, ice-form, corroded, very slightly contaminated
A: freezing attack, boosted hp, AC +12, amphibious, large, unfitting armour,
(cold-blooded), hated by all
a: End Transformation, Renounce Religion


You were on level 8 of the Dungeon.
You worshipped Ru.
Ru was pleased with you.
You were a creature of crystalline ice.
You visited 2 branches of the dungeon, and saw 9 of its levels.
You also visited: Ossuary.

You collected 374 gold pieces.

Inventory:

Armour
 l - a +1 hat (melded)
Jewellery
 d - a ring of willpower (left front paw)
 e - a ring of protection from fire
 t - a +6 ring of strength (right front paw)
Scrolls
 c - a scroll of vulnerability {unknown}
 f - 2 scrolls of teleportation
 k - a scroll of fear {unknown}
 m - a scroll of acquirement {unknown}
 n - 2 scrolls of enchant armour {unknown}
 o - a scroll of magic mapping
 p - 2 scrolls of torment {unknown}
Potions
 a - 2 potions of berserk rage {unknown}
 b - 3 potions of flight
 g - a potion of degeneration {unknown}
 h - 4 potions of might {unknown}
 i - 3 potions of resistance {unknown}
 j - 3 potions of mutation
 q - a potion of heal wounds {unknown}
 r - 2 potions of brilliance {unknown}
 s - 3 potions of lignification
 u - a potion of magic {unknown}


   Skills:
 + Level 7.0 Fighting
 + Level 4.5 Dodging
 + Level 7.0 Unarmed Combat
 - Level 2.0 Spellcasting
 + Level 6.6 Transmutations
 + Level 5.2 Ice Magic


You had 7 spell levels left.
You knew the following spells:

 Your Spells              Type           Power      Damage    Failure   Level
a - Beastly Appendage     Tmut           44%        N/A       1%          1
b - Ice Form              Ice/Tmut       20%        N/A       19%         4

Your spell library contained the following spells:

 Spells                   Type           Power      Damage    Failure   Level
 Wereblood                Tmut           22%        N/A       1%          2
 Spider Form              Tmut/Pois      12%        N/A       16%         3
 Magic Dart               Conj           4%         1d3       21%         1
 Searing Ray              Conj           2%         2d4       30%         2
 Confusing Touch          Hex            1%         N/A       52%         3
 Yara's Violent Unravell  Hex/Tmut       6%         3d5       83%         5
 Airstrike                Air            0%         0-2+      90%         4
 Fulminant Prism          Conj/Hex       0%         3d6       90%         4
 Lightning Bolt           Conj/Air       0%         1d11      99%         5
 Enfeeble                 Hex            0%         N/A       100%        7
 Summon Lightning Spire   Summ/Air       Unusable   N/A       N/A         4

Dungeon Overview and Level Annotations

Branches:
Dungeon (8/15)             Temple (1/1) D:4         Ossuary (visited)
   Lair: D:8-11

Altars:
Ashenzari
Cheibriados
Dithmenos
Elyvilon
Gozag
Kikubaaqudgha
Makhleb
Nemelex Xobeh
Okawaru
Qazlal
Ru
Sif Muna
Trog
Vehumet
Wu Jian
Xom
Zin

Annotations:
D:6 3 runed translucent doors, Destapler's ghost, novice HOFi
Temple 2 transporters


Innate Abilities, Weirdness & Mutations

You are a creature of crystalline ice.
You have a powerful freezing melee attack.
Your maximum health is increased.
Your armour is entirely melded.
You are incapable of wielding weapons or throwing items.
((Your dull iron-grey scales are very hard. (AC +12)))
You are amphibious.
You cannot fit into any form of body armour.
((You are cold-blooded and may be slowed by cold attacks.))
You are hated by all.


Message History

Your transformation is almost over.
Found a stone staircase leading up.
Casting: Beastly Appendage (safe; 1% risk of failure)
Confirm with . or Enter, or press ? or * to list all spells.
You miscast Ice Form.
You are very lightly contaminated with residual magic.
Nothing appears to happen.
The acid dragon spits acid at you. The splash of acid misses you.
You hear a howl!
Casting: Ice Form (dangerous; 19% risk of failure)
Confirm with . or Enter, or press ? or * to list all spells.
Your horns disappear.
Your talons disappear.
Your +1 hat unmelds from your body.
You turn into a creature of crystalline ice.
Your +1 hat melds into your body.
A wolf comes into view.
The acid dragon spits acid at you. The splash of acid hits you!!
The acid corrodes you!
You hear an angry growl.
You hear a shout! x3
You barely miss the acid dragon.
You hear a howl!
The acid dragon bites you! The acid dragon claws you.
You are too injured to fight recklessly!
You barely miss the acid dragon. The acid dragon spits acid at you.
The splash of acid hits you!! The acid corrodes you!
You hear a shout!
You hit the acid dragon but do no damage.
The wolf bites you!
* * * LOW HITPOINT WARNING * * *
Okay, then.
As you read the scroll of teleportation, it crumbles to dust.
You feel strangely unstable. The wolf bites you!
* * * LOW HITPOINT WARNING * * *
The acid dragon closely misses you. The acid dragon claws you.
* * * LOW HITPOINT WARNING * * *
A wolf comes into view.
The wolf bites you!
You die...

.........#.#
#h. [........#
#h. #.##...###
.. ##........#
..##.
##...###.#....#
.....##..#.#
#.####.#
##......# #..#
##.h..#### ##<#
#..Y### #.#
.<.....D.# #..
....?.....#
###.
..........# ..
..........# ##
.........##
...##...## .##
#####


You could see an acid dragon (catching breath) and 3 wolves.

Vanquished Creatures
  A hornet (D:7)
  Prince Ribbit (D:6)
  3 water moccasins
  A sky beast (D:7)
  The ghost of fedoskokos the Conjurer, an amateur OgCj (D:3)
  A black bear (D:6)
  An ogre (D:7)
  2 centaurs
  A phantom (D:4)
  A bullfrog (D:6)
  2 necrophages (D:5)
  3 scorpions
  A water moccasin zombie (Ossuary)
  4 wights (D:6)
  A howler monkey (D:5)
  4 crimson imps (D:6)
  2 jellies
  8 hounds
  An orc priest (D:6)
  An iguana (D:5)
  4 orc wizards
  A scorpion zombie (D:3)
  A hound zombie (D:3)
  3 mummies
  7 adders
  2 white imps
  3 ufetubi
  4 adder zombies (Ossuary)
  2 worms (D:2)
  A dart slug (D:1)
  17 orcs
  2 bats
  5 endoplasms
  3 giant cockroaches
  4 gnoll zombies (Ossuary)
  4 goblins
  10 hobgoblins
  5 jackals
  11 kobolds
  2 quokkas (D:1)
  10 ball pythons
  7 frilled lizards
  5 hobgoblin zombies (Ossuary)
  4 kobold zombies (Ossuary)
  3 orc zombies (Ossuary)
  10 rats
170 creatures vanquished.

Vanquished Creatures (others)
  42 plants (D:6)
42 creatures vanquished.

Grand Total: 212 creatures vanquished

Notes
Turn   | Place    | Note
-------+----------+-------------------------------------------
     0 | D:1      | Essalna the Draconian Transmuter began the quest for the
                  | Orb.
     0 | D:1      | Reached XP level 1. HP: 16/16 MP: 3/3
   198 | D:1      | Reached XP level 2. HP: 23/23 MP: 3/5
   722 | D:1      | Reached XP level 3. HP: 25/29 MP: 4/6
  1154 | D:2      | You fall into a shaft and drop 1 floor!
  1837 | D:2      | Reached XP level 4. HP: 32/37 MP: 5/7
  2216 | D:2      | Found a faded altar of an unknown god.
  2915 | D:3      | Found a runed translucent gate.
  2915 | D:3      | Found a runed translucent gate.
  2915 | D:3      | Found a runed translucent gate.
  2915 | D:3      | Noticed fedoskokos's ghost (amateur OgCj)
  2917 | D:3      | Found a basalt altar of Yredelemnul.
  3111 | D:4      | Reached XP level 5. HP: 43/45 MP: 6/8
  3116 | D:4      | Learned a level 4 spell: Ice Form
  3127 | D:4      | Noticed a phantom
  3357 | D:4      | Killed a phantom
  3358 | D:4      | Reached skill level 1 in Ice Magic
  3358 | D:4      | Reached XP level 6. HP: 38/52 MP: 9/9
  3529 | D:4      | Found a staircase to the Ecumenical Temple.
  3544 | Temple   | Entered the Ecumenical Temple
  3544 | Temple   | Found a transporter.
  3544 | Temple   | Found a transporter.
  3546 | Temple   | Found a transporter.
  3546 | Temple   | Found a transporter.
  3574 | Temple   | Became a worshipper of Ru the Awakened
  4341 | D:5      | Entered Level 5 of the Dungeon
  4386 | D:5      | HP: 2/52 [hound (2)]
  4738 | D:5      | Reached skill level 5 in Unarmed Combat
  4738 | D:5      | Your scales start taking on a dull iron-grey colour.
  4738 | D:5      | Reached XP level 7. HP: 51/60 MP: 10/10
  5030 | D:5      | Reached skill level 5 in Fighting
  5513 | D:3      | Killed fedoskokos's ghost
  5514 | D:3      | Reached skill level 5 in Transmutations
  5640 | D:6      | Noticed Prince Ribbit
  5770 | D:6      | Killed Prince Ribbit
  5771 | D:6      | Reached XP level 8. HP: 45/69 MP: 11/11
  5796 | D:6      | Found a sand-covered staircase.
  5841 | Ossuary  | Entered an ossuary
  6167 | Ossuary  | Gained mutation: You are hated by all. [Ru sacrifice]
  6167 | Ossuary  | Reached * piety under Ru
  6167 | Ossuary  | Reached ** piety under Ru
  6547 | D:6      | Found a runed translucent gate.
  6547 | D:6      | Found a runed translucent gate.
  6547 | D:6      | Found a runed translucent gate.
  6551 | D:6      | Noticed Destapler's ghost (novice HOFi)
  6570 | D:6      | Found a broken altar of Ashenzari.
  6626 | D:6      | Found a shimmering altar of Xom.
  6881 | D:6      | Found an opulent altar of Gozag.
  6894 | D:6      | Found a radiant altar of Vehumet.
  7005 | D:6      | Reached XP level 9. HP: 72/77 MP: 10/12
  7159 | D:6      | HP: 3/77 [poisoned by an orc warrior]
  8139 | D:7      | Reached skill level 5 in Ice Magic
  8452 | D:7      | Found a shimmering blue altar of Sif Muna.
  8855 | D:8      | Slain by a wolf

Illustrated notes

Levels and vault maps discovered:
D:1:      grunt_arrival_crossed_arrows, layout_loops_ring, minmay_tall_x
D:2:      layout_basic, shapermc_ecumenical_altar_hornbeckon, st_stairs_1
D:3:      layout_loops_ring, nicolae_yredelemnul_ghost_church
D:4:      layout_loops_ring, minmay_temple_entry_arrows
D:5:      layout_loops_cross
D:6:      layout_basic, led_xom_imps, evilmike_ruin_ashenzari,
          mainiacjoe_overflow_catch_the_wave, gammafunk_ghost_nasty_kobolds,
          gup_ossuary_entry_pyramid, uniq_prince_ribbit1
D:7:      layout_basic, led_sif_pool, minivault_24
D:8:      layout_rooms, dancing_weapons_uskayaw, chequers_serial_rivers_marsh,
          uniq_grum
Temple:   hellmonk_temple_divided_pantheon

Skill      XL: |  1  2  3  4  5  6  7  8  9 |
---------------+----------------------------+-----
Fighting       | 2 3 4 5 6 7 |  7.0
Transmutations | 3 4 5 6 |  6.6
Unarmed Combat | 4 5 6 7 |  7.0
Ice Magic      | 1 2 3 4 5 |  5.2
Dodging        | 2 3 4 |  4.5
Spellcasting   | |  2.0

Action                   |  1- 3 |  4- 6 |  7- 9 || total
-------------------------+-------+-------+-------++-------
Melee: Unarmed           |    94 |   144 |   350 ||   588
       Kick              |    21 |    39 |    87 ||   147
       Tailslap          |     7 |    26 |    41 ||    74
       Punch             |     2 |     4 |    15 ||    21
       Headbutt          |    11 |    26 |    46 ||    83
 Cast: Beastly Appendage |    32 |    24 |    33 ||    89
       Ice Form          |       |       |     6 ||     6
Invok: Sacrifice Love    |       |       |     1 ||     1
  Use: Scroll            |       |     8 |     3 ||    11
       Potion            |       |     3 |     4 ||     7
 Stab: Sleeping          |     1 |     2 |       ||     3
Armor: Skin              |    28 |    60 |   118 ||   206
Dodge: Dodged            |    59 |    92 |   180 ||   331

Table legend: (Time is in decaauts)
 A = Elapsed time spent in this place.
 B = Non-inter-level travel time spent in this place.
 C = Inter-level travel time spent in this place.
 D = Time resting spent in this place.
 E = Time spent auto-exploring this place.
 F = Levels seen in this place.
 G = Mean time per level.
                   A        B        C        D        E       F      G
               +--------+--------+--------+--------+--------+-----+--------+
         Total |   8815 |   8401 |    414 |    489 |   6587 |  10 |  881.5 |
       Dungeon |   8369 |   7967 |    402 |    489 |   6284 |   8 | 1046.1 |
        Temple |     44 |     32 |     12 |      0 |      5 |   1 |   44.0 |
       Ossuary |    400 |    400 |      0 |      0 |    298 |   1 |  400.0 |
               +--------+--------+--------+--------+--------+-----+--------+

Top non-repeatable levels by time:
     D:5: 1509 daAuts
     D:7: 1170 daAuts
     D:6: 1163 daAuts
     D:1: 1150 daAuts
     D:3: 1140 daAuts
     D:4: 1107 daAuts
     D:2: 1098 daAuts
 Ossuary: 400 daAuts
  Temple: 44 daAuts
     D:8: 29 daAuts
